 Dungeon Crawl Stone Soup version 0.26-a0-259-g1effd001a9 (webtiles) character file.

Game seed: 18025162133416765109

69 raph the Stinger (level 4, 0/24 HPs)
             Began as a Tengu Venom Mage on July 17, 2020.
             Succumbed to an adder's poison
             ... on level 2 of the Dungeon.
             The game lasted 00:04:08 (2017 turns).

raph the Stinger (Tengu Venom Mage)                 Turns: 2017, Time: 00:04:09

Health: 0/24       AC:  2    Str:  8    XL:     4   Next: 20%
Magic:  6/8        EV: 12    Int: 17    God:
Gold:   82         SH:  0    Dex: 14    Spells: 4/7 levels left

rFire    . . .     SeeInvis .   g - +0 dagger
rCold    . . .     Faith    .   (no shield)
rNeg     . . .     Spirit   .   a - +0 robe
rPois    .         Reflect  .   (helmet restricted)
rElec    .         Harm     .   (no cloak)
rCorr    .                      (no gloves)
MR       .....                  (boots unavailable)
Stlth    ++........             (no amulet)
HPRegen  0.08/turn              (no ring)
MPRegen  0.11/turn              (no ring)

@: lethally poisoned (0 -> -6), stab
A: beak, talons 3
a: no special abilities


You were on level 2 of the Dungeon.
You were not hungry.

You visited 1 branch of the dungeon, and saw 2 of its levels.

You collected 82 gold pieces.

Inventory:

Hand Weapons
 e - a +0 whip
 g - a +0 dagger (weapon)
Missiles
 d - 2 boomerangs (quivered)
Armour
 a - a +0 robe (worn)
Scrolls
 b - a scroll of remove curse {unknown}
 f - 2 scrolls of teleportation {unknown}
 i - a scroll of fog {unknown}
Comestibles
 c - a ration


   Skills:
 - Level 2.1 Dodging
 - Level 2.0 Stealth
 - Level 2.0 Spellcasting
 - Level 0.7 Transmutations
 * Level 4.9 Poison Magic


You had 4 spell levels left.
You knew the following spells:

 Your Spells              Type           Power        Failure   Level
a - Sting                 Tmut/Pois      ##..         6%          1
b - Poisonous Vapours     Pois/Air       ##....       11%         2

Your spell library contained the following spells:

 Spells                   Type           Power        Failure   Level
 Ignite Poison            Fire/Tmut/Pois #.......     26%         3
 Olgreb's Toxic Radiance  Pois           ###.....     26%         4
 Mephitic Cloud           Conj/Pois/Air  #.......     30%         3


Dungeon Overview and Level Annotations

Branches:
Dungeon (2/15)

Altars:


Innate Abilities, Weirdness & Mutations

You have a beak for a mouth.
You have claws for feet.


Message History

Confirm with . or Enter, or press ? or * to list all spells.
Aiming: Sting (safe; 6% risk of failure)
Press: ? - help, Shift-Dir - straight line, f/p - adder
Aim: an adder (severely wounded)
The sting misses the adder.
The sting hits the hobgoblin.
The hobgoblin is poisoned.
The hobgoblin is heavily wounded.
The adder bites you.
* * * LOW HITPOINT WARNING * * *
The adder barely misses you.
You feel sick. The adder bites you.
* * * LOW HITPOINT WARNING * * *
You are more poisoned.
The adder poisons you!
It was a potion of stabbing.
You feel ready to backstab. The adder barely misses you.
You miss the adder. Your kick misses the adder.
The adder is severely wounded.
You die...

#..##.#####.#.#.#
#..##......†..#.#
#..##.#####...#.##
#..##.##..........
#..##.##.#..#.####
#..##.............
#..######.########
#................#
#.#P.#..#.#P.###@#######.######.#
#.#....P#P..#.##S# #.....##.#
..P≈P.......#P##g# #####.##.#
..≈≈≈≈P.≈≈≈P...#.# #....#
P≈≈≈≈≈≈≈≈≈≈≈P..#.# ######
≈≈≈≈≈.≈≈≈.≈≈≈≈.#.# #≈≈ #≈≈≈#≈≈≈#
#.# ##.###.###.####.#
.#...#...#...#...#


You could see an adder and a hobgoblin (poisoned).

Vanquished Creatures
  Terence (D:2)
  An adder (D:2)
  An ooze (D:1)
  A dart slug (D:1)
  A leopard gecko (D:1)
  A ball python (D:1)
  2 giant cockroaches (D:1)
  3 goblins
  4 hobgoblins
  2 kobolds (D:1)
  5 bats (D:1)
  4 frilled lizards
  A rat (D:1)
27 creatures vanquished.

Notes
Turn   | Place    | Note
-------+----------+-------------------------------------------
     0 | D:1      | raph the Tengu Venom Mage began the quest for the Orb.
     0 | D:1      | Reached XP level 1. HP: 10/10 MP: 4/4
   319 | D:1      | Reached XP level 2. HP: 12/15 MP: 4/6
   366 | D:1      | Learned a level 2 spell: Poisonous Vapours
   586 | D:1      | Reached skill level 4 in Poison Magic
   885 | D:1      | Reached XP level 3. HP: 19/19 MP: 5/7
  1627 | D:2      | Noticed Terence
  1673 | D:2      | Killed Terence
  1673 | D:2      | Reached XP level 4. HP: 11/24 MP: 3/8
  2015 | D:2      | HP: 1/24 [adder (5)]
  2017 | D:2      | Succumbed to an adder's poison

Illustrated notes

Levels and vault maps discovered:
D:1:      wander_arrival_fairy_ring, layout_basic
D:2:      wad_lake_hut, layout_basic, uniq_terence

Skill      XL: |  1  2 |
---------------+-------+-----
Poison Magic   | 4 |  4.9
Dodging        | |  2.1
Stealth        | |  2.0
Spellcasting   | |  2.0
Transmutations | |  0.7

Action                   |  1- 3 |  4- 6 || total
-------------------------+-------+-------++-------
Melee: Dagger            |     3 |     1 ||     4
       Whip              |     1 |       ||     1
       Peck              |     1 |       ||     1
       Kick              |     1 |       ||     1
 Cast: Sting             |    34 |    10 ||    44
  Use: Potion            |       |     1 ||     1
 Stab: Sleeping          |     2 |       ||     2
  Eat: Ration            |     1 |       ||     1
Armor: Robe              |     4 |       ||     4
Dodge: Dodged            |    17 |     4 ||    21

Table legend:
 A = Non-vault XP
 B = Vault XP
 C = Vault XP percentage of total XP
 D = Non-vault monster count
 E = Vault monster count
 F = Vault count percentage of total count
                 A         B        C        D         E       F
            +---------+---------+-------+---------+---------+-------
      Total |      61 |      38 |  38.4 |      26 |       1 |   3.7
            +---------+---------+-------+---------+---------+-------
        D:1 |      41 |       0 |   0.0 |      21 |       0 |   0.0
        D:2 |      20 |      38 |  65.5 |       5 |       1 |  16.7
            +---------+---------+-------+---------+---------+-------
